Map: Overgrowth LE (Void)

Players

Telvo

  • Race: Zerg Zerg
  • League: Master
  • Spawn Location: 1:00

oliM - Winner!

  • Race: Protoss Protoss
  • League: Grandmaster
  • Spawn Location: 7:00

VOD

Have the link to the VOD?

Description

Time

  • Played on: Dec. 4, 2016, 1:44 a.m.
  • Length: 9:20
Show
View Real Time Build Order
Export as new Build Order

Telvo Zerg 

Build Orders: Hatch First 

Get SALT Encoding   

  12  0:01  Drone  
  13  0:12  Overlord  
  13  0:18  Drone  
  14  0:31  Drone x2  
  17  0:35  Drone  
  17  0:52  Hatchery  
  17  0:54  Drone  
  17  0:58  Extractor  
  17  0:59  Drone  
  17  1:13  Spawning Pool  
  17  1:16  Drone  
  17  1:22  Drone  
  18  1:28  Drone  
  19  1:38  Overlord  
  19  1:52  Drone  
  20  1:59  Metabolic Boost, Queen  
  22  2:03  Queen  
  22  2:05  Drone  
  25  2:09  Drone  
  25  2:12  Drone  
  27  2:17  Drone  
  27  2:21  Zergling x2  
  29  2:27  Drone  
  30  2:37  Lair  
  30  2:40  Drone x2  
  30  2:42  Overlord  
  32  2:46  Drone  
  33  2:53  Drone  
  33  2:58  Drone  
  35  3:07  Drone x3  
  35  3:10  Drone  
  35  3:12  Hatchery  
  38  3:14  Overlord  
  38  3:23  Overlord  
  38  3:26  Extractor, Drone x3  
  40  3:27  Extractor  
  40  3:33  Drone x2  
  41  3:37  Hydralisk Den  
  40  3:45  Drone x5  
  40  3:47  Overlord  
  45  3:54  Drone  
  46  3:59  Drone x2  
  48  4:10  Overlord  
  48  4:17  Muscular Augments  
  48  4:20  Drone x4  
  48  4:21  Overlord x2  
  52  4:24  Extractor  
  52  4:25  Drone x3  
  52  4:26  Drone  
  55  4:32  Hydralisk, Queen  
  55  4:35  Hydralisk  
  61  4:41  Overlord  
  61  4:45  Overseer, Hydralisk  
  61  4:46  Hydralisk  
  61  4:49  Hydralisk  
  61  4:51  Zergling x2  
  69  4:52  Zergling x2  
  69  4:54  Zergling x2  
  70  5:01  Hydralisk x2  
  70  5:03  Drone x3  
  77  5:16  Hydralisk x2  
  77  5:18  Overlord x3  
  77  5:20  Drone  
  82  5:25  Evolution Chamber, Drone  
  81  5:28  Baneling Nest  
  80  5:36  Hydralisk x3  
  86  5:46  Grooved Spines  
  86  5:47  Hydralisk x4  
  86  5:49  Zergling x2  
  95  5:51  Drone x3  
  95  5:57  Overlord x2  
  98  6:05  Overlord x2  
  98  6:07  Overlord  
  96  6:13  Zergling x4  
  96  6:14  Overlord x2  
  98  6:23  Zergling x2  
  98  6:24  Zergling x4  
  101  6:31  Hydralisk x2, Hatchery  
  101  6:32  Hydralisk  
  101  6:43  Zergling x20  
  101  6:46  Centrifical Hooks  
  111  6:52  Zergling x4  
  111  6:53  Zergling x4  
  115  6:59  Zergling x6  
  118  7:03  Drone  
  118  7:08  Baneling x19  
  119  7:18  Zerg Melee Weapons Level 1  
  119  7:23  Drone x4  
  119  7:24  Zergling x10  
  128  7:30  Pneumatized Carapace  
  128  7:35  Hydralisk  
  128  7:36  Hydralisk x2  
  133  7:38  Extractor  
  133  7:42  Extractor  
  131  7:52  Zergling x2  
  131  7:53  Hydralisk, Zergling x6  
  131  7:54  Hydralisk x3  
  135  8:08  Overseer x2  
  135  8:09  Zergling x18  
  114  8:24  Zergling x14  
  75  8:37  Zergling x2  
  75  8:38  Zergling x4  
  58  8:56  Hydralisk x4  
  58  9:02  Drone  
Show
View Real Time Build Order
Export as new Build Order

oliM Protoss - Winner!

Build Orders: 1 Gate Expand, Zealot Archon, Dark Templar Rush 

Get SALT Encoding   

  12  0:01  Probe (Chrono Boost)  
  13  0:11  Probe (Chrono Boost)  
  14  0:19  Pylon  
  14  0:22  Probe (Chrono Boost)  
  15  0:38  Gateway  
  15  0:39  Probe (Chrono Boost)  
  16  0:45  Assimilator  
  16  0:50  Probe (Chrono Boost)  
  17  1:00  Probe (Chrono Boost)  
  19  1:11  Probe (Chrono Boost)  
  19  1:25  Nexus  
  19  1:30  Cybernetics Core  
  19  1:35  Probe (Chrono Boost)  
  20  1:41  Assimilator  
  20  1:45  Probe (Chrono Boost)  
  21  1:56  Probe (Chrono Boost)  
  21  2:00  Pylon  
  22  2:06  Probe (Chrono Boost)  
  23  2:09  Warp Gate  
  23  2:18  Zealot, Probe (Chrono Boost)  
  26  2:29  Probe (Chrono Boost)  
  27  2:40  Probe x2 (Chrono Boost)  
  27  2:43  Twilight Council  
  29  2:45  Stalker  
  29  2:50  Probe (Chrono Boost)  
  32  2:52  Probe (Chrono Boost)  
  33  3:01  Probe (Chrono Boost)  
  33  3:03  Probe (Chrono Boost)  
  35  3:11  Probe (Chrono Boost)  
  36  3:13  Probe (Chrono Boost), Pylon  
  36  3:15  Stalker  
  38  3:22  Probe (Chrono Boost)  
  38  3:24  Probe (Chrono Boost), Robotics Facility  
  40  3:32  Probe (Chrono Boost)  
  41  3:35  Mothership Core (Chrono Boost)  
  43  3:43  Probe (Chrono Boost)  
  43  3:45  Dark Shrine  
  44  3:53  Probe x2 (Chrono Boost)  
  46  4:04  Probe x2 (Chrono Boost), Gateway  
  46  4:05  Gateway  
  46  4:09  Gateway  
  48  4:11  Assimilator  
  48  4:13  Probe (Chrono Boost)  
  48  4:14  Probe (Chrono Boost)  
  48  4:15  Assimilator  
  50  4:17  Warp Prism (Chrono Boost)  
  50  4:22  Pylon  
  50  4:23  Probe  
  52  4:29  Probe  
  54  4:36  Pylon  
  54  4:38  Probe  
  54  4:41  Probe  
  56  4:49  Probe, Observer (Chrono Boost)  
  58  4:53  Probe  
  58  4:59  Probe  
  59  5:01  Nexus  
  59  5:03  Pylon  
  59  5:05  Pylon  
  60  5:08  Dark Templar  
  60  5:11  Dark Templar  
  60  5:12  Dark Templar x2  
  68  5:14  Probe  
  68  5:17  Archon  
  68  5:18  Archon  
  69  5:23  Observer (Chrono Boost)  
  69  5:26  Forge  
  70  5:29  Probe  
  70  5:34  Gateway  
  71  5:35  Gateway  
  71  5:40  Robotics Bay  
  71  5:45  Probe  
  71  5:49  Robotics Facility  
  72  5:58  Probe  
  72  6:02  Probe  
  72  6:03  Sentry  
  72  6:04  Sentry  
  78  6:05  Adept x2  
  82  6:20  Probe  
  82  6:24  Probe  
  84  6:27  Pylon  
  84  6:29  Probe, Disruptor (Chrono Boost)  
  84  6:32  Stalker x2  
  90  6:33  Stalker  
  93  6:40  Gateway  
  93  6:41  Gateway  
  93  6:42  Pylon  
  93  6:44  Pylon  
  93  6:49  Pylon  
  93  6:53  Pylon  
  93  6:54  Pylon  
  93  7:01  Disruptor (Chrono Boost), Pylon  
  99  7:11  Disruptor (Chrono Boost), Pylon  
  99  7:12  Pylon  
  99  7:21  Dark Templar  
  101  7:23  Dark Templar, Nexus  
  101  7:25  Pylon  
  103  7:36  Disruptor (Chrono Boost)  
  105  7:47  Dark Templar  
  105  7:48  Zealot x2  
  105  7:49  Zealot  
  113  8:03  Zealot  
  113  8:04  Adept  
  117  8:06  Probe  
  116  8:22  Stalker x4  
  116  8:26  Adept x2  
  99  8:35  Probe  
  99  8:36  Probe  
  87  8:54  Adept  
  87  8:55  Adept x6  
  101  9:13  Photon Cannon  
  105  9:17  Photon Cannon  
  105  9:18  Pylon  
  105  9:19  Photon Cannon  
Tags
 
Add a new tag
Caveats
  • Supply blocks, unpowered buildings, or Contaminate may cause inaccurate times.
  • Supply counts are checked every 10 seconds.